 Dungeon Crawl Stone Soup version 0.32-a0-791-gfc315c9ecd (webtiles) character file.

Game seed: 14096524248685024827

182400 jestert79 the Fighter (level 17, -2/139 HPs)
             Began as a Gnoll Summoner on Mar 18, 2024.
             Was the Champion of Nemelex Xobeh.
             Killed by the raging water
             ... invoked by a water nymph
              (22 damage)
             ... on level 1 of the Shoals on Mar 20, 2024.
             The game lasted 03:49:44 (45585 turns).

jestert79 the Fighter (Gnoll Summoner)             Turns: 45585, Time: 03:49:45

Health: -2/139     AC: 15    Str: 11    XL:     17   Next: 97%
Magic:  33/34      EV: 23    Int: 24    God:    Nemelex Xobeh [******]
Gold:   411        SH:  0    Dex: 17    Spells: 3/42 levels left

rFire   + + .        t - +8 longbow "Zephyr" {speed, Dex+3 SInv}
rCold   + . .        (shield currently unavailable)
rNeg    + . .        y - +3 leather armour {rF+}
rPois   .            L - +2 hat {Int+3}
rElec   .            p - scarf {rC+ rF+}
rCorr   .            C - +2 pair of gloves {Str+3}
SInv    +            V - +1 pair of boots
Will    +....        P - amulet of magic regeneration
Stlth   +++          i - ring of positive energy
HPRegen 0.43/turn    Y - +5 ring of evasion
MPRegen 0.64/turn

%: no passive effects
@: studying Fighting, very slow
A: fangs 1, strong nose, distributed training
}: 1/15 runes: serpentine
a: Renounce Religion, Draw Escape, Draw Destruction, Draw Summoning, Triple
Draw, Deal Four, Stack Five


You were on level 1 of the Shoals.
You worshipped Nemelex Xobeh.
Nemelex Xobeh was exalted by your worship.
You visited 5 branches of the dungeon, and saw 27 of its levels.
You also visited: Volcano.

You collected 4182 gold pieces.
You spent 3771 gold pieces at shops.

Inventory:

Hand Weapons
 a - a +8 falchion of venom
 t - the +8 longbow "Zephyr" (weapon) {speed, Dex+3 SInv}
   (You bought it in a shop on level 4 of the Snake Pit)

   Dex+3:     It affects your dexterity (+3).
   SInv:      It lets you see invisible.
 K - the +8 dagger of Bloody Death {spect, rF+ rN++ Dex+3}
   (You bought it in a shop on level 2 of the Orcish Mines)

   Dex+3:     It affects your dexterity (+3).
   rF+:       It protects you from fire.
   rN++:      It greatly protects you from negative energy.
Missiles
 v - 5 throwing nets
 D - 10 curare-tipped darts
Armour
 j - a +2 buckler of poison resistance
 p - a scarf of resistance (worn)
 y - a +3 leather armour of fire resistance (worn)
 C - a +2 pair of gloves of strength (worn)
 L - a +2 hat of intelligence (worn)
 V - a +1 pair of boots (worn)
Magical Staves
 b - a staff of alchemy
Jewellery
 i - a ring of positive energy (left hand)
 n - a ring of willpower
 E - a ring of poison resistance
 H - a ring of flight
 P - an amulet of magic regeneration (around neck)
 Y - a +5 ring of evasion (right hand)
 Z - a +4 ring of protection
Wands
 d - a wand of quicksilver (3)
 l - a wand of mindburst (1)
 u - a wand of iceblast (10)
 A - a wand of digging (5)
 G - a wand of flame (45)
Scrolls
 c - 9 scrolls of fog
 e - 5 scrolls of blinking
 g - 3 scrolls of fear
 k - a scroll of vulnerability
 m - 10 scrolls of teleportation
 r - 6 scrolls of enchant weapon
 B - 2 scrolls of silence
 F - 6 scrolls of immolation
 O - 3 scrolls of amnesia
 Q - a scroll of summoning
 R - 7 scrolls of identify
 X - a scroll of poison
Potions
 f - 2 potions of berserk rage
 h - 4 potions of haste
 o - 6 potions of enlightenment
 q - 4 potions of brilliance
 s - 5 potions of heal wounds
 w - 6 potions of curing
 x - 7 potions of might
 z - a potion of resistance
 I - 2 potions of attraction
 J - 7 potions of ambrosia
 M - 7 potions of mutation
 N - 3 potions of cancellation
 T - 2 potions of invisibility
 U - 2 potions of lignification
 W - 6 potions of magic
Miscellaneous
 S - a phantom mirror


   Skills:
 + Level 14.2 Fighting
 + Level 12.4 Short Blades
 + Level 12.4 Long Blades
 + Level 12.4 Axes
 + Level 12.4 Maces & Flails
 + Level 12.4 Polearms
 + Level 12.4 Staves
 + Level 12.4 Ranged Weapons
 + Level 12.4 Throwing
 + Level 12.4 Armour
 + Level 13.2 Dodging
 + Level 13.1 Stealth
 + Level 12.4 Shields
 + Level 12.4 Unarmed Combat
 + Level 13.3 Spellcasting
 + Level 10.5 Conjurations
 + Level 10.5 Hexes
 + Level 12.6 Summonings
 + Level 10.5 Necromancy
 + Level 10.5 Translocations
 + Level 10.5 Fire Magic
 + Level 10.5 Ice Magic
 + Level 10.5 Air Magic
 + Level 10.5 Earth Magic
 + Level 10.5 Alchemy
 + Level 13.5 Invocations
 + Level 12.4 Evocations
 + Level 11.4 Shapeshifting


You had 3 spell levels left.
You knew the following spells:

 Your Spells              Type           Power      Damage    Failure   Level
a - Summon Small Mammal   Summ           100%       N/A       1%          1
b - Call Imp              Summ           100%       N/A       1%          2
c - Call Canine Familiar  Summ           67%        N/A       1%          3
d - Scorch                Fire           100%       2d9       1%          2
e - Summon Blazeheart Go  Fire/Summ      64%        N/A       1%          4
f - Summon Lightning Spi  Summ/Air       64%        N/A       1%          4
g - Olgreb's Toxic Radia  Alch           61%        N/A       1%          4
h - Yara's Violent Unrav  Hex/Alch       30%        3d13      1%          5
i - Summon Mana Viper     Hex/Summ       64%        N/A       1%          5
j - Tukima's Dance        Hex            61%        N/A       1%          3
k - Summon Cactus Giant   Summ           33%        N/A       4%          6

Your spell library contained the following spells:

 Spells                   Type           Power      Damage    Failure   Level
 Apportation              Tloc           100%       N/A       1%          1
 Kiss of Death            Conj/Necr      100%       2d13      1%          1
 Necrotise                Necr           100%       1d9       1%          1
 Slow                     Hex            100%       N/A       1%          1
 Sting                    Conj/Alch      100%       1d9       1%          1
 Jinxbite                 Hex            100%       N/A       1%          2
 Mercury Vapours          Alch/Air       100%       N/A       1%          2
 Confusing Touch          Hex            61%        N/A       1%          3
 Dazzling Flash           Conj/Hex       100%       N/A       1%          3
 Inner Flame              Hex/Fire       61%        N/A       1%          3
 Mephitic Cloud           Conj/Alch/Air  61%        N/A       1%          3
 Stone Arrow              Conj/Erth      100%       3d13      1%          3
 Summon Ice Beast         Ice/Summ       64%        N/A       1%          3
 Vampiric Draining        Necr           61%        2d10      1%          3
 Animate Armour           Summ/Erth      100%       N/A       1%          4
 Flame Wave               Conj/Fire      61%        2d14      1%          4
 Passage of Golubria      Tloc           61%        N/A       1%          4
 Curse of Agony           Necr           61%        N/A       1%          5
 Silence                  Hex/Air        30%        N/A       1%          5
 Summon Forest            Summ/Tloc      32%        N/A       1%          5
 Monstrous Menagerie      Summ           33%        N/A       22%         7
 Lehudib's Crystal Spear  Conj/Erth      30%        10d8      99%         8


Dungeon Overview and Level Annotations

Branches:
Dungeon (15/15)            Temple (0/1) D:5            Lair (5/5) D:8
 Shoals (1/4) Lair:3        Snake (4/4) Lair:2        Slime (0/5) Lair:5
    Orc (2/2) D:11            Elf (0/3) Orc:2        Vaults (0/5) D:14
 Depths (0/4) D:15        Volcano (visited)

Altars:
Ashenzari
Hepliaklqana
Nemelex Xobeh
Okawaru
Uskayaw
Wu Jian
The Shining One
Beogh
Jiyva

Shops:
D:3 *   D:7 [   D:11 [*?:=   D:14 =   Orc:2 ((?[   Snake:1 *   Snake:2 :
Snake:3 (!   Snake:4 (?*=*

Annotations:
D:8 exclusion: door
Orc:1 4 transporters


Innate Abilities, Weirdness & Mutations

You have very sharp teeth.
Your uncanny sense of smell can sniff out nearby items.
Your experience applies equally to all skills.


Message History

Unknown command.
You shoot an arrow. The arrow hits the merfolk avatar!
The merfolk avatar is almost dead.
Your mana viper bites the merfolk avatar.
The merfolk avatar's magic leaks into the air.
Unknown command.
Unknown command.
Unknown command.
You shoot an arrow. The arrow hits the merfolk avatar!
You are no longer entranced.
You kill the merfolk avatar!
The drowned soul returns to the deep! x3
The water nymph casts a spell at you. The water swirls and strikes you.
Your cactus giant hits the water nymph with a +0 giant spiked club.
Unknown command.
Unknown command.
A nearby plant withers and dies.
Splash!
You fall into the shallow water.
Moving in this stuff is going to be slow.
Your mana viper barely misses the water nymph.
The water nymph points at you and mumbles some strange words.
The water swirls and strikes you!!
* * * LOW HITPOINT WARNING * * *
Unknown command.
Your mana viper closely misses the water nymph.
Your mana viper bites the water nymph!
The water nymph's magic leaks into the air.
The water nymph attacks as it pursues you!
The water nymph misses you.
Splash!
You fall into the shallow water.
Moving in this stuff is going to be slow.
You shoot an arrow. The arrow hits the water nymph!!
The water nymph is almost dead.
The water nymph gestures at you while chanting.
The water swirls and strikes you!!
You die...
Your body disappears without a glow.

.##.....P........#
...~P............#
≈~...>>.P.......#
≈~~.....P..P....#
≈~~......P....~.#
≈.............~.#
.......~.....~~.#+
.......@mP~~.P~.~#
......~~SC~......##
.....~~.†~~~......###
~≈~..~~.....))†....~##
.......#............~###
~~~....#.P...$.......~~.
≈≈≈~~≈~.................
≈≈~~≈≈..~......!........
~P≈~≈≈≈~~............#.


You could see a water nymph (ally target, magic disrupted), a friendly mana
viper (summoned) and a friendly cactus giant (summoned).

Vanquished Creatures
  Asterion (Snake:3)
  Agnes (D:15)
  3 nagarajas (Snake:4)
  An orc warlord (Orc:1)
  An ettin (Orc:2)
  Snorg (Lair:5)
  Josephine (Lair:3)
  2 hydras
  Harold (Lair:2)
  An ice dragon (Lair:5)
  A sphinx zombie (D:15)
  2 centaur warriors (D:15)
  3 ogre magi
  6 two-headed ogres
  A merfolk avatar (Shoals:1)
  A tengu warrior (D:14)
  A dancing weapon (D:14)
  2 anacondas
  3 boulder beetles
  2 death yaks (Lair:2)
  5 naga warriors
  2 naga sharpshooters
  3 shock serpents
  A skyshark (Lair:5)
  A salamander mystic (Snake:4)
  3 skeletal warriors
  3 mana vipers (Snake:4)
  A sun moth (Lair:2)
  A naga ritualist (Snake:3)
  A lindwurm (Lair:3)
  A necromancer (D:15)
  An orc knight (D:15)
  A deep elf pyromancer (D:12)
  5 cyclopes
  6 fauns (Shoals:1)
  4 manticores
  6 salamanders
  8 ugly things
  9 elephants
  A merfolk siren (Lair:3)
  4 guardian serpents
  2 kobold blastminers
  8 naga magi
  3 torpor snails (Lair:5)
  18 black mambas
  6 cane toads
  A gargoyle (D:10)
  7 komodo dragons
  2 unseen horrors
  A kobold demonologist (D:9)
  A rime drake (Lair:5)
  A tengu conjurer (D:14)
  3 freezing wraiths
  A merfolk (Lair:3)
  4 polar bears
  3 tyrant leeches (Lair:5)
  A hornet (Lair:5)
  5 trolls
  3 blink frogs (Lair:2)
  4 dream sheep (Lair:5)
  2 snapping turtles (Shoals:1)
  A spriggan (shapeshifter) (D:14)
  4 wyverns
  52 yaks
  A water elemental (Shoals:1)
  6 wraiths
  Eustachio (D:4)
  4 basilisks
  A vampire mosquito (D:12)
  A warg (Orc:1)
  18 nagas
  5 acid dragons
  18 water moccasins
  3 hell hounds (Volcano)
  An ice beast (D:6)
  9 orc warriors
  12 wolves
  2 centaurs (D:12)
  18 ogres
  A phantom (D:6)
  3 boggarts (D:15)
  A nameless horror (Snake:3)
  A bullfrog (shapeshifter) (D:14)
  4 kobold brigands
  9 bullfrogs
  A water moccasin zombie (D:3)
  3 wights (D:9)
  11 killer bees
  4 howler monkeys
  7 electric eels
  3 hounds
  2 jellies
  12 orc priests
  3 iguanas
  A sleepcap (D:8)
  12 orc wizards
  5 gnolls
  A river rat (Lair:5)
  2 adders
  2 shadow imps (D:7)
  2 white imps
  4 ufetubi
  2 adder zombies (D:3)
  A dart slug (D:2)
  50 orcs
  A ball python (D:1)
  3 endoplasms
  4 giant cockroaches
  6 goblins
  4 hobgoblins
  3 quokkas
  2 bats (D:3)
  2 frilled lizards (D:1)
  17 kobolds
  4 rats
528 creatures vanquished.

Vanquished Creatures (collateral kills)
  3 nagarajas
  Louise (Snake:2)
  A fire dragon (Volcano)
  2 ogre magi (Orc:2)
  A death knight (D:15)
  A dancing weapon (D:14)
  3 anacondas
  14 two-headed ogres
  13 naga warriors
  A vampire mage (D:15)
  2 death yaks (Lair:2)
  Urug (Lair:5)
  A shock serpent (Snake:1)
  6 naga sharpshooters (Snake:4)
  A skeletal warrior (D:15)
  Sonja (Lair:3)
  A skyshark (Shoals:1)
  A salamander mystic (Snake:4)
  A spark wasp zombie (D:15)
  6 mana vipers
  A swamp dragon (shapeshifter) (D:12)
  11 naga ritualists
  4 lindwurms
  2 deep elf pyromancers
  An ugly thing (D:14)
  6 salamanders
  A faun (Shoals:1)
  5 elephants
  8 naga magi
  23 black mambas
  6 guardian serpents
  A kobold blastminer (Orc:2)
  4 cane toads
  2 smoke demons (Volcano)
  2 torpor snails (Lair:5)
  2 unseen horrors (D:12)
  2 freezing wraiths (D:15)
  3 komodo dragons
  4 trolls
  A queen bee (D:9)
  A tyrant leech (Lair:5)
  4 hornets (Lair:5)
  A merfolk (Shoals:1)
  2 blink frogs (Lair:2)
  6 yaks
  2 basilisks (Lair:5)
  A warg (Orc:2)
  2 steam dragons (Volcano)
  2 acid dragons
  24 nagas
  4 water moccasins
  A hell hound (Volcano)
  5 orc warriors
  2 sky beasts
  An ice beast (D:5)
  A boggart (D:15)
  2 black bears
  12 ogres
  2 wolves
  5 centaurs
  2 bullfrogs
  A scorpion (D:3)
  A wight (D:9)
  18 killer bees
  2 howler monkeys
  2 electric eels (D:9)
  A bombardier beetle (D:4)
  3 hounds
  A jelly (D:7)
  5 orc priests
  A gnoll bouda (D:6)
  A scorpion zombie (D:3)
  2 iguanas
  11 orc wizards
  3 gnolls (D:4)
  8 adders
  An adder zombie (D:3)
  3 ribbon worms (D:3)
  4 dart slugs
  24 orcs
  3 endoplasms
  3 giant cockroaches
  3 hobgoblins
  A quokka (D:2)
  A ball python zombie (D:3)
  2 frilled lizards
  11 kobolds
  2 rats (D:1)
350 creatures vanquished.

Vanquished Creatures (others)
  5 dancing weapons
  A boggart (D:15)
  81 blazeheart cores
87 creatures vanquished.

Grand Total: 965 creatures vanquished

Notes
Turn   | Place    | Note
-------+----------+-------------------------------------------
     0 | D:1      | jestert79 the Gnoll Summoner began the quest for the Orb.
     0 | D:1      | Reached XP level 1. HP: 13/13 MP: 6/6
   145 | D:1      | Found a faded altar of an unknown god.
   286 | D:1      | Reached XP level 2. HP: 19/20 MP: 5/7
   323 | D:1      | Learned a level 2 spell: Call Imp
   547 | D:1      | Reached skill level 5 in Spellcasting
   547 | D:1      | Reached XP level 3. HP: 25/25 MP: 4/9
   980 | D:1      | Learned a level 3 spell: Call Canine Familiar
   983 | D:1      | Learned a level 2 spell: Scorch
  1098 | D:1      | Reached skill level 1 in Invocations
  1374 | D:2      | Reached skill level 1 in Fighting
  1374 | D:2      | Reached skill level 1 in Short Blades
  1374 | D:2      | Reached skill level 1 in Long Blades
  1374 | D:2      | Reached skill level 1 in Axes
  1374 | D:2      | Reached skill level 1 in Maces & Flails
  1374 | D:2      | Reached skill level 1 in Polearms
  1374 | D:2      | Reached skill level 1 in Staves
  1374 | D:2      | Reached skill level 1 in Ranged Weapons
  1374 | D:2      | Reached skill level 1 in Throwing
  1374 | D:2      | Reached skill level 1 in Armour
  1374 | D:2      | Reached skill level 1 in Shields
  1374 | D:2      | Reached skill level 1 in Unarmed Combat
  1374 | D:2      | Reached skill level 1 in Evocations
  1424 | D:2      | Reached skill level 1 in Shapeshifting
  1424 | D:2      | Reached XP level 4. HP: 32/32 MP: 8/11
  2093 | D:3      | Found a sparkling altar of Nemelex Xobeh.
  2152 | D:3      | Reached skill level 1 in Conjurations
  2152 | D:3      | Reached skill level 1 in Hexes
  2152 | D:3      | Reached skill level 1 in Necromancy
  2152 | D:3      | Reached skill level 1 in Translocations
  2152 | D:3      | Reached skill level 1 in Fire Magic
  2152 | D:3      | Reached skill level 1 in Ice Magic
  2152 | D:3      | Reached skill level 1 in Air Magic
  2152 | D:3      | Reached skill level 1 in Earth Magic
  2152 | D:3      | Reached skill level 1 in Alchemy
  2226 | D:3      | Found Ysog's Assorted Antiques.
  2231 | D:3      | Noticed a scorpion
  2245 | D:3      | Killed a scorpion
  2246 | D:3      | Reached XP level 5. HP: 10/37 MP: 8/12
  2734 | D:3      | Reached skill level 5 in Dodging
  2734 | D:3      | Reached XP level 6. HP: 38/44 MP: 10/14
  2879 | D:3      | Reached skill level 2 in Fighting
  3401 | D:3      | Reached XP level 7. HP: 50/50 MP: 15/15
  3917 | D:4      | Noticed Eustachio
  4410 | D:3      | Became a worshipper of Nemelex Xobeh the Trickster
  4586 | D:4      | Reached skill level 5 in Stealth
  4933 | D:4      | Killed Eustachio
  4981 | D:5      | Entered Level 5 of the Dungeon
  5356 | D:5      | Reached skill level 3 in Fighting
  5356 | D:5      | Reached XP level 8. HP: 58/58 MP: 11/16
  5800 | D:5      | Found a staircase to the Ecumenical Temple.
  6936 | D:6      | Reached * piety under Nemelex Xobeh
  7192 | D:6      | Reached XP level 9. HP: 65/65 MP: 13/18
  7195 | D:6      | Reached skill level 4 in Fighting
  7233 | D:6      | Received a gift from Nemelex Xobeh
  8073 | D:7      | Reached skill level 5 in Invocations
  8303 | D:7      | Reached ** piety under Nemelex Xobeh
  8348 | D:7      | Found Zhao Yu's Dragon-Slaying Spoils.
  8547 | D:7      | Got the Quarto of Potent Obstruction
  9128 | D:7      | Received a gift from Nemelex Xobeh
  9951 | D:8      | Noticed a komodo dragon
  9960 | D:8      | Killed a komodo dragon
  9961 | D:8      | Reached skill level 5 in Fighting
  9961 | D:8      | Reached skill level 5 in Short Blades
  9961 | D:8      | Reached skill level 5 in Long Blades
  9961 | D:8      | Reached skill level 5 in Axes
  9961 | D:8      | Reached skill level 5 in Maces & Flails
  9961 | D:8      | Reached skill level 5 in Polearms
  9961 | D:8      | Reached skill level 5 in Staves
  9961 | D:8      | Reached skill level 5 in Ranged Weapons
  9961 | D:8      | Reached skill level 5 in Throwing
  9961 | D:8      | Reached skill level 5 in Armour
  9961 | D:8      | Reached skill level 5 in Shields
  9961 | D:8      | Reached skill level 5 in Unarmed Combat
  9961 | D:8      | Reached skill level 5 in Evocations
  9961 | D:8      | Reached XP level 10. HP: 48/74 MP: 8/20
 10066 | D:8      | Noticed a manticore
 10077 | D:8      | Killed a manticore
 10372 | D:3      | Bought a shiny moonstone ring for 140 gold pieces
 10375 | D:3      | Bought a scroll labelled FOUZET ZAGUTWI for 28 gold pieces
 10375 | D:3      | Bought a scroll labelled IPANEZ BOMUOV for 28 gold pieces
 10375 | D:3      | Bought a scroll labelled IPANEZ BOMUOV for 28 gold pieces
 10375 | D:3      | Bought a scroll labelled COBBUT RENILIC for 28 gold pieces
 10375 | D:3      | Bought a glass wand for 112 gold pieces
 10847 | D:8      | Found a staircase to the Lair.
 10990 | D:9      | Noticed a kobold demonologist
 11007 | D:9      | Killed a kobold demonologist
 11179 | D:9      | Reached skill level 5 in Shapeshifting
 11382 | D:9      | Reached *** piety under Nemelex Xobeh
 11425 | D:9      | Found a broken altar of Ashenzari.
 11939 | D:9      | Learned a level 4 spell: Summon Blazeheart Golem
 12294 | D:9      | Received a gift from Nemelex Xobeh
 12503 | D:9      | Reached skill level 6 in Fighting
 12658 | D:10     | Entered Level 10 of the Dungeon
 12717 | D:10     | Reached skill level 5 in Conjurations
 12717 | D:10     | Reached skill level 5 in Hexes
 12717 | D:10     | Reached skill level 5 in Necromancy
 12717 | D:10     | Reached skill level 5 in Translocations
 12717 | D:10     | Reached skill level 5 in Fire Magic
 12717 | D:10     | Reached skill level 5 in Ice Magic
 12717 | D:10     | Reached skill level 5 in Air Magic
 12717 | D:10     | Reached skill level 5 in Earth Magic
 12717 | D:10     | Reached skill level 5 in Alchemy
 12717 | D:10     | Reached XP level 11. HP: 48/81 MP: 18/23
 13097 | D:10     | Found an iron altar of Okawaru.
 13097 | D:10     | Found a hide-covered altar of Uskayaw.
 13097 | D:10     | Found a hazy altar of Hepliaklqana.
 13143 | D:10     | Found an ornate altar of the Wu Jian Council.
 13490 | D:10     | Received a gift from Nemelex Xobeh
 13502 | D:10     | Noticed a two-headed ogre
 13503 | D:10     | a two-headed ogre changed into a troll
 13886 | D:11     | Found Tukh's Magic Scroll Shop.
 13939 | D:11     | Found Ovaep's Jewellery Boutique.
 13943 | D:11     | Reached **** piety under Nemelex Xobeh
 14118 | D:11     | Noticed a two-headed ogre
 14123 | D:11     | Killed a two-headed ogre
 14346 | D:11     | Bought a scroll of enchant armour for 105 gold pieces
 14346 | D:11     | Bought a scroll of noise for 14 gold pieces
 14347 | D:11     | Bought a scroll of identify for 28 gold pieces
 14347 | D:11     | Bought a scroll of identify for 28 gold pieces
 14375 | D:11     | Received a gift from Nemelex Xobeh
 14415 | D:11     | Noticed a boulder beetle
 14434 | D:11     | Killed a boulder beetle
 14515 | D:11     | Found a staircase to the Orcish Mines.
 14521 | D:11     | Found Jeprefyu's General Store.
 14743 | D:11     | Found Adokk's Book Emporium.
 14810 | D:11     | Found Sikluna's Armour Shoppe.
 14958 | Lair:1   | Entered Level 1 of the Lair of Beasts
 15039 | D:8      | Learned a level 4 spell: Summon Lightning Spire
 15129 | Lair:1   | Reached skill level 7 in Fighting
 15502 | Lair:1   | Reached XP level 12. HP: 88/91 MP: 20/24
 15906 | Lair:1   | Received a gift from Nemelex Xobeh
 16712 | Lair:1   | Upgraded the game from 0.32-a0-768-g0f6f1dd4b9 to
                  | 0.32-a0-779-g362cfcae2a
 16738 | Lair:2   | Found a staircase to the Snake Pit.
 16803 | Lair:2   | Noticed a four-headed hydra
 16805 | Lair:2   | a four-headed hydra changed into a sun moth
 17175 | Lair:2   | Received a gift from Nemelex Xobeh
 17486 | Lair:2   | Noticed a death yak
 17487 | Lair:2   | Noticed a death yak
 17487 | Lair:2   | Noticed a death yak
 17487 | Lair:2   | Noticed a death yak
 17540 | Lair:2   | Killed a death yak
 17548 | Lair:2   | Killed a death yak
 17549 | Lair:2   | Reached skill level 8 in Fighting
 17558 | Lair:2   | Killed a death yak
 17558 | Lair:2   | Killed a death yak
 17559 | Lair:2   | Reached XP level 13. HP: 94/98 MP: 19/26
 17671 | Lair:2   | Reached ***** piety under Nemelex Xobeh
 17849 | Lair:2   | Reached skill level 10 in Summonings
 17884 | Lair:2   | Noticed Harold
 17890 | Lair:2   | Killed Harold
 18188 | Lair:3   | Received a gift from Nemelex Xobeh
 18521 | Lair:3   | Noticed Josephine
 18539 | Lair:3   | Killed Josephine
 18554 | Lair:3   | Reached skill level 10 in Spellcasting
 18801 | Lair:3   | Noticed Sonja
 18811 | Lair:3   | Killed Sonja
 19252 | Lair:3   | Received a gift from Nemelex Xobeh
 19468 | Lair:3   | Identified the +7 dagger of Skirmishing {flame, Will+ Dex+2
                  | Stlth+}
 19539 | Lair:3   | Found a staircase to the Shoals.
 20049 | Lair:4   | Reached skill level 10 in Dodging
 20366 | Lair:4   | Learned a level 5 spell: Summon Mana Viper
 20459 | Lair:4   | Received a gift from Nemelex Xobeh
 20847 | Lair:4   | Reached skill level 9 in Fighting
 21265 | D:11     | Bought Great Wizards, Vol. VII for 300 gold pieces
 21271 | D:11     | Learned a level 5 spell: Yara's Violent Unravelling
 21472 | Lair:5   | Entered Level 5 of the Lair of Beasts
 21505 | Lair:5   | Reached skill level 10 in Stealth
 21588 | Lair:5   | Found an ornate altar of the Wu Jian Council.
 21775 | Lair:5   | Reached skill level 10 in Invocations
 21775 | Lair:5   | Reached XP level 14. HP: 108/108 MP: 24/28
 21832 | Lair:5   | Noticed Snorg
 22086 | Lair:5   | Killed Snorg
 22315 | Lair:5   | Identified the -2 hand axe of Vovytorato {freeze, rN++}
 22507 | Lair:5   | Paralysed by a hornet for 2 turns
 23535 | Lair:5   | Noticed Urug
 23542 | Lair:5   | Killed Urug
 23592 | Lair:5   | Received a gift from Nemelex Xobeh
 23747 | Lair:5   | Found a viscous altar of Jiyva.
 23748 | Lair:5   | Found a staircase to the Slime Pits.
 24076 | D:11     | Bought a Young Poisoner's Handbook for 200 gold pieces
 24081 | D:11     | Learned a level 4 spell: Olgreb's Toxic Radiance
 24127 | Orc:1    | Entered Level 1 of the Orcish Mines
 24223 | Orc:1    | Reached ****** piety under Nemelex Xobeh
 24228 | Orc:1    | Found an ornate altar of the Wu Jian Council.
 24228 | Orc:1    | Found a transporter.
 24250 | Orc:1    | Found a transporter.
 24252 | Orc:1    | Received a gift from Nemelex Xobeh
 24256 | Orc:1    | Noticed an orc warlord
 24299 | Orc:1    | Killed an orc warlord
 24533 | Orc:1    | Found a transporter.
 24534 | Orc:1    | Found an ornate altar of the Wu Jian Council.
 24534 | Orc:1    | Noticed an orc warlord
 24576 | Orc:1    | Found a transporter.
 24954 | Orc:2    | Entered Level 2 of the Orcish Mines
 25086 | Orc:2    | Found a dark tunnel.
 25110 | Orc:2    | Received a gift from Nemelex Xobeh
 25145 | Orc:2    | Learned a level 3 spell: Tukima's Dance
 25168 | Volcano  | Entered a volcano
 25984 | Orc:2    | Reached skill level 10 in Fighting
 25984 | Orc:2    | Reached skill level 10 in Short Blades
 25984 | Orc:2    | Reached skill level 10 in Long Blades
 25984 | Orc:2    | Reached skill level 10 in Axes
 25984 | Orc:2    | Reached skill level 10 in Maces & Flails
 25984 | Orc:2    | Reached skill level 10 in Polearms
 25984 | Orc:2    | Reached skill level 10 in Staves
 25984 | Orc:2    | Reached skill level 10 in Ranged Weapons
 25984 | Orc:2    | Reached skill level 10 in Throwing
 25984 | Orc:2    | Reached skill level 10 in Armour
 25984 | Orc:2    | Reached skill level 10 in Shields
 25984 | Orc:2    | Reached skill level 10 in Unarmed Combat
 25984 | Orc:2    | Reached skill level 10 in Evocations
 26016 | Orc:2    | Reached XP level 15. HP: 72/115 MP: 19/30
 26429 | Orc:2    | Found Wuykaofo's Antique Weapon Shop.
 26429 | Orc:2    | Found Peabb's Weapon Shoppe.
 26449 | Orc:2    | Found Feugg's Magic Scroll Shoppe.
 26449 | Orc:2    | Found Ginurynt's Armour Boutique.
 26508 | Orc:2    | Upgraded the game from 0.32-a0-779-g362cfcae2a to
                  | 0.32-a0-791-gfc315c9ecd
 26846 | Orc:2    | Found a roughly hewn altar of Beogh.
 26877 | Orc:2    | Found a roughly hewn altar of Beogh.
 26961 | Orc:2    | Found a staircase to the Elven Halls.
 27536 | Orc:2    | Bought a scroll of amnesia for 56 gold pieces
 27536 | Orc:2    | Bought a scroll of blinking for 105 gold pieces
 27536 | Orc:2    | Bought a scroll of teleportation for 42 gold pieces
 27536 | Orc:2    | Bought a scroll of blinking for 105 gold pieces
 27537 | Orc:2    | Bought an ichor-stained dagger for 231 gold pieces
 27537 | Orc:2    | Identified the +8 dagger of Bloody Death {spect, rF+ rN++
                  | Dex+3} (You bought it in a shop on level 2 of the Orcish
                  | Mines)
 27612 | D:11     | Bought a manual of Fighting for 800 gold pieces
 28362 | D:12     | Received a gift from Nemelex Xobeh
 29252 | D:13     | Received a gift from Nemelex Xobeh
 30016 | D:14     | Received a gift from Nemelex Xobeh
 30167 | D:14     | Found Hinle's Jewellery Shoppe.
 30436 | D:14     | Found a gate to the Vaults.
 31068 | D:14     | Reached skill level 11 in Fighting
 31990 | D:15     | Entered Level 15 of the Dungeon
 32139 | D:15     | Received a gift from Nemelex Xobeh
 32150 | D:15     | Found an iron altar of Okawaru.
 32357 | D:15     | Noticed Agnes
 32369 | D:15     | Killed Agnes
 32376 | D:15     | Reached skill level 10 in Shapeshifting
 32545 | D:15     | Reached XP level 16. HP: 73/126 MP: 32/32
 33627 | D:15     | Found a staircase to the Depths.
 35204 | D:15     | Found a glowing golden altar of the Shining One.
 35318 | D:11     | Bought a scroll of enchant armour for 105 gold pieces
 35318 | D:11     | Bought a scroll of blinking for 105 gold pieces
 35534 | D:11     | Bought a scroll of enchant armour for 105 gold pieces
 35648 | D:14     | Learned a level 6 spell: Summon Cactus Giant
 35905 | Snake:1  | Entered Level 1 of the Snake Pit
 35905 | Snake:1  | Noticed a nagaraja
 35915 | Snake:1  | Killed a nagaraja
 36061 | Snake:1  | Noticed a nagaraja
 36067 | Snake:1  | Killed a nagaraja
 36609 | Snake:1  | Reached skill level 12 in Fighting
 36947 | Snake:1  | Received a gift from Nemelex Xobeh
 37359 | Snake:1  | Found Zadefea's Gadget Gallery.
 37361 | Snake:1  | Identified the +4 ring mail of Rohy {rPois Slay-6 SInv
                  | Stlth+}
 37674 | Snake:1  | Received a gift from Nemelex Xobeh
 38265 | Snake:2  | You fall into a shaft and drop 1 floor!
 38265 | Snake:3  | Noticed Asterion
 38265 | Snake:3  | Found Fefit's Weapon Emporium.
 38265 | Snake:3  | Found Goawnier's Distillery.
 38274 | Snake:3  | Noticed an Executioner
 38277 | Snake:3  | Killed Asterion
 38471 | Snake:2  | Noticed Louise
 38478 | Snake:2  | Found Jur Finu's Vocational Training.
 38498 | Snake:2  | Killed Louise
 39642 | Snake:3  | Received a gift from Nemelex Xobeh
 40189 | Snake:3  | Reached XP level 17. HP: 126/135 MP: 31/33
 40535 | Snake:3  | Reached skill level 13 in Fighting
 40560 | Snake:3  | Reached skill level 10 in Conjurations
 40560 | Snake:3  | Reached skill level 10 in Hexes
 40560 | Snake:3  | Reached skill level 10 in Necromancy
 40560 | Snake:3  | Reached skill level 10 in Translocations
 40560 | Snake:3  | Reached skill level 10 in Fire Magic
 40560 | Snake:3  | Reached skill level 10 in Ice Magic
 40560 | Snake:3  | Reached skill level 10 in Air Magic
 40560 | Snake:3  | Reached skill level 10 in Earth Magic
 40560 | Snake:3  | Reached skill level 10 in Alchemy
 41132 | Snake:4  | Entered Level 4 of the Snake Pit
 41273 | Snake:4  | Received a gift from Nemelex Xobeh
 41645 | Snake:4  | Found a broken altar of Ashenzari.
 42414 | Snake:4  | Found Bometynu's Magic Scroll Shop.
 42414 | Snake:4  | Found Kouggon's General Store.
 42414 | Snake:4  | Found Amooduh's Weapon Emporium.
 42428 | Snake:4  | Found Dafapag's Jewellery Shop.
 42431 | Snake:4  | Found Zossis's Assorted Antiques.
 42705 | Snake:4  | Identified a scroll of acquirement
 42706 | Snake:4  | Acquired 346 gold pieces
 43853 | Snake:4  | Reached skill level 14 in Fighting
 44741 | Snake:4  | Acquired 688 gold pieces
 44815 | Snake:4  | Got a serpentine rune of Zot
 45015 | Snake:4  | Bought the +8 longbow "Zephyr" {speed, Dex+3 SInv} for 1078
                  | gold pieces
 45015 | Snake:4  | Found the +8 longbow "Zephyr" {speed, Dex+3 SInv}
 45182 | Shoals:1 | Entered Level 1 of the Shoals
 45266 | Shoals:1 | Received a gift from Nemelex Xobeh
 45585 | Shoals:1 | Killed from afar by a water nymph

Illustrated notes

Levels and vault maps discovered:
D:1:      matt_arrival_spirals, layout_loops_ring,
          shapermc_ecumenical_altar_notcrosses, grunt_decor_resistance,
          minmay_misc_feat_ornament
D:2:      wander_river, layout_loops_ring, st_stairs_6,
          minmay_tree_intersection, bh_walls_and_bars
D:3:      layout_loops_cross, nemelex_diamond_rough_becter, serial_shops, shop,
          serial_undead, serial_undead_a, serial_undead_d, serial_undead_a,
          serial_undead_e, minmay_misc_feat_rugged,
          minmay_fractal_squares_diagonal_5
D:4:      layout_basic, uniq_eustachio
D:5:      nicolae_cairo_tiling_large_dashed, layout_basic,
          minmay_temple_entry_poolview
D:6:      layout_rooms, serial_bayou, serial_bayou_crossing,
          serial_bayou_pond_d, serial_bayou_pond_b, serial_bayou_shore_a,
          serial_bayou_lake_a
D:7:      layout_basic, nicolae_shop_dragon_depot, minivault_10,
          grunt_ministairs_8, item_on_display_a
D:8:      layout_basic, david_lair_shrubbed, kennysheep_flooded_box
D:9:      layout_loops_ring, mainiacjoe_overflow_small_starburst, special_room
          [special_room_bee], kennysheep_potato
D:10:     layout_basic, grunt_temple_overflow_cloverleaf
D:11:     layout_rooms, orc_0_dummy, serial_shops, nicolae_shop_window_shopping,
          nicolae_shop_back_alley_shop, nicolae_shop_statue_plus, shop,
          nicolae_stop_n_shop_1
D:12:     kennysheep_scales, layout_small_grid
D:13:     layout_rooms
D:14:     layout_loops_cross, erik_vaults_1, ebering_dispersal_statue_hall,
          serial_shops, nicolae_shop_stone, nicolae_straight_to_the_point
D:15:     gammafunk_depths_entry_grave, layout_stronghold, okawaru_trees_1,
          tso_altar, uniq_agnes
Lair:1:   layout_hall_layers, serial_bayou_shore_b, grunt_megastairs_5,
          lemuel_fruit_tree, serial_bayou_shore_b
Lair:2:   layout_hall_layers, minmay_snake_entry_six_corridors, uniq_harold
Lair:3:   layout_cave_pods, elwin_shoals_entry_rooms, uniq_josephine, uniq_sonja
Lair:4:   layout_cellular_growth, infiniplex_staircase_pool_2
Lair:5:   wormcave, layout_long_grid, dpeg_slime_entry_enclosed, basic_altar,
          grunt_megastairs_4, uniq_urug, uniq_snorg
Shoals:1: cheibrodos_shoals_oceanic_diplomacy, layout_shoals, serial_shops,
          shop, nicolae_shop_statue_plus, shop
Snake:1:  layout_grid_maze, nicolae_shop_gadgets, grunt_megastairs_2
Snake:2:  layout_misc_corridors, nicolae_shop_vocational, uniq_louise
Snake:3:  layout_misc_corridors, nicolae_integral_box, minmay_shoptagon,
          uniq_asterion
Snake:4:  johnstein_snake_rune_scales, layout_basic, basic_altar,
          nicolae_snake_serpentine_bazaar
Orc:1:    dreamdust_wu_jian_sword_trials, layout_caves,
          nicolae_orc_sculptors_studio, blackcustard_rock_pile
Orc:2:    st_orc_ogre_mass, layout_caves, basic_altar,
          nicolae_volcano_entry_two_sided, mines1_david

Skill      XL: |  1  2  3  4  5  6  7  8  9 10 11 12 13 14 15 16 17 |
---------------+----------------------------------------------------+-----
Spellcasting   | 5 6 7 8 9 10 11 12 13 | 13.3
Invocations    | 1 2 3 4 5 6 7 8 10 11 12 13 | 13.5
Fighting       | 1 2 3 5 6 7 8 9 10 11 12 14 | 14.2
Short Blades   | 1 2 3 5 6 7 8 9 10 11 12 | 12.4
Long Blades    | 1 2 3 5 6 7 8 9 10 11 12 | 12.4
Axes           | 1 2 3 5 6 7 8 9 10 11 12 | 12.4
Maces & Flails | 1 2 3 5 6 7 8 9 10 11 12 | 12.4
Polearms       | 1 2 3 5 6 7 8 9 10 11 12 | 12.4
Staves         | 1 2 3 5 6 7 8 9 10 11 12 | 12.4
Ranged Weapons | 1 2 3 5 6 7 8 9 10 11 12 | 12.4
Throwing       | 1 2 3 5 6 7 8 9 10 11 12 | 12.4
Armour         | 1 2 3 5 6 7 8 9 10 11 12 | 12.4
Shields        | 1 2 3 5 6 7 8 9 10 11 12 | 12.4
Unarmed Combat | 1 2 3 5 6 7 8 9 10 11 12 | 12.4
Evocations     | 1 2 3 5 6 7 8 9 10 11 12 | 12.4
Shapeshifting  | 1 2 3 4 5 6 7 8 9 10 11 | 11.4
Conjurations   | 1 2 3 4 5 6 7 8 9 10 | 10.5
Hexes          | 1 2 3 4 5 6 7 8 9 10 | 10.5
Necromancy     | 1 2 3 4 5 6 7 8 9 10 | 10.5
Translocations | 1 2 3 4 5 6 7 8 9 10 | 10.5
Fire Magic     | 1 2 3 4 5 6 7 8 9 10 | 10.5
Ice Magic      | 1 2 3 4 5 6 7 8 9 10 | 10.5
Air Magic      | 1 2 3 4 5 6 7 8 9 10 | 10.5
Earth Magic    | 1 2 3 4 5 6 7 8 9 10 | 10.5
Alchemy        | 1 2 3 4 5 6 7 8 9 10 | 10.5
Dodging        | 5 6 7 8 9 10 11 12 13 | 13.2
Stealth        | 5 6 7 8 9 10 11 12 13 | 13.1
Summonings     | 8 9 10 11 12 | 12.6

Action                     |  1- 3 |  4- 6 |  7- 9 | 10-12 | 13-15 | 16-18 || total
---------------------------+-------+-------+-------+-------+-------+-------++-------
  Melee: Unarmed           |    15 |       |       |       |       |       ||    15
         Bite              |     9 |    13 |    12 |    30 |    77 |    65 ||   206
         Dagger            |    77 |   130 |    40 |       |    39 |       ||   286
         Falchion          |       |       |    98 |   201 |   396 |   402 ||  1097
         Staff             |       |       |       |       |   131 |    20 ||   151
   Fire: Longbow           |       |       |       |       |       |    83 ||    83
  Throw: Dart              |       |       |     1 |     8 |    12 |       ||    21
         Throwing net      |       |       |     1 |       |       |       ||     1
   Cast: Summon Small Mamm |    18 |     2 |       |       |       |       ||    20
         Call Imp          |     5 |    16 |    36 |    17 |     3 |     2 ||    79
         Call Canine Famil |     2 |    11 |    30 |    20 |     7 |     4 ||    74
         Scorch            |       |       |    65 |    44 |       |     5 ||   114
         Summon Blazeheart |       |       |       |    31 |    49 |    19 ||    99
         Summon Lightning  |       |       |       |     7 |    19 |     1 ||    27
         Olgreb's Toxic Ra |       |       |       |       |    45 |    12 ||    57
         Summon Mana Viper |       |       |       |       |    35 |    82 ||   117
         Tukima's Dance    |       |       |       |       |    29 |     2 ||    31
         Summon Cactus Gia |       |       |       |       |       |    49 ||    49
         Yara's Violent Un |       |       |       |       |       |    14 ||    14
 Invoke: Draw Destruction  |       |       |       |    10 |    19 |     3 ||    32
         Draw Summoning    |       |       |       |     4 |     5 |     1 ||    10
         Triple Draw       |       |       |       |       |       |     1 ||     1
         Deal Four         |       |       |       |       |       |     1 ||     1
  Evoke: Wand              |       |       |    10 |     3 |    11 |    12 ||    36
    Use: Potion            |       |     6 |     1 |       |     1 |     6 ||    14
         Scroll            |       |       |     6 |    13 |     7 |    11 ||    37
   Stab: Sleeping          |     4 |     1 |     2 |     2 |    15 |       ||    24
         Distracted        |       |     2 |     1 |     5 |     8 |     7 ||    23
 Armour: Robe              |    38 |    37 |   115 |       |       |       ||   190
         Leather armour    |       |       |    63 |   203 |   317 |   318 ||   901
  Dodge: Dodged            |    53 |    50 |   179 |   203 |   418 |   441 ||  1344
  Block: Buckler           |       |       |       |       |    11 |   231 ||   242

Table legend: (Time is in decaauts)
 A = Elapsed time spent in this place.
 B = Non-inter-level travel time spent in this place.
 C = Inter-level travel time spent in this place.
 D = Time resting spent in this place.
 E = Time spent auto-exploring this place.
 F = Levels seen in this place.
 G = Mean time per level.
                   A        B        C        D        E       F      G
               +--------+--------+--------+--------+--------+-----+--------+
         Total |  45521 |  42107 |   3414 |  15120 |  14695 |  28 | 1625.8 |
       Dungeon |  24037 |  21663 |   2374 |   7103 |   9672 |  15 | 1602.5 |
          Lair |   8935 |   8323 |    612 |   2675 |   2434 |   5 | 1787.0 |
        Shoals |    394 |    394 |      0 |    153 |     34 |   1 |  394.0 |
     Snake Pit |   8740 |   8378 |    362 |   3559 |   2027 |   4 | 2185.0 |
  Orcish Mines |   2609 |   2546 |     63 |   1161 |    497 |   2 | 1304.5 |
       Volcano |    805 |    805 |      0 |    467 |     30 |   1 |  805.0 |
               +--------+--------+--------+--------+--------+-----+--------+

Top non-repeatable levels by time:
    D:15: 3244 daAuts
 Snake:3: 3189 daAuts
    D:14: 2463 daAuts
  Lair:1: 2088 daAuts
     D:8: 2064 daAuts
  Lair:5: 2050 daAuts
 Snake:4: 2034 daAuts
     D:9: 1848 daAuts
 Snake:2: 1820 daAuts
 Snake:1: 1695 daAuts
  Lair:3: 1626 daAuts
  Lair:2: 1619 daAuts
  Lair:4: 1550 daAuts
     D:6: 1534 daAuts
     D:3: 1502 daAuts
